 Dungeon Crawl Stone Soup version 0.29.0-4-gdea44cf6ec (webtiles) character file.

Game seed: 4738615981842584545

4 qw the Sneak (level 1, -1/10 HPs)
             Began as a Felid Delver on Aug 27, 2022.
             Slain by a jackal (2 damage)
             ... on level 4 of the Dungeon.
             The game lasted 00:00:00 (243 turns).

qw the Sneak (Felid Delver)                          Turns: 243, Time: 00:00:01

Health: -1/10      AC:  1    Str:  8    XL:     1   Next: 50%
Magic:  2/2        EV: 17    Int: 11    God:
Gold:   63         SH:  0    Dex: 17    Spells: 0/0 levels left
                                        Lives:  0   Deaths: 0

rFire   . . .      SeeInvis +     - Unarmed
rCold   . . .      Faith    .   (shield unavailable)
rNeg    . . .      Spirit   .   (body armour unavailable)
rPois   .          Reflect  .   (helmet unavailable)
rElec   .          Harm     .   (cloak unavailable)
rCorr   .          Rampage  .   (gloves unavailable)
Will    .....                   (boots unavailable)
Stlth   +++.......              (no amulet)
HPRegen 0.03/turn               (no ring)
MPRegen 0.08/turn               (no ring)

@: quick
A: very small, claws 1, fangs 3, see invisible, speed 1, shaggy fur 1, stealthy
paws, no weapons or thrown items, no armour, multi-lived
a: no special abilities


You were on level 4 of the Dungeon.
You visited 1 branch of the dungeon, and saw 2 of its levels.

You collected 63 gold pieces.


Innate Abilities, Weirdness & Mutations

You have sharp claws.
You have razor-sharp teeth.
You have supernaturally acute eyesight. (SInv)
You cover ground quickly. (Speed+)
You are covered in fur. (AC +1)
Your paws help you pounce on unaware monsters.
You are incapable of wielding weapons or throwing items.
You cannot wear armour.
You gain extra lives every three experience levels.


   Skills:
 - Level 3.0 Fighting
 - Level 2.6 Dodging
 - Level 6.6 Stealth
 + Level 2.4 Unarmed Combat


You couldn't memorise any spells.
You didn't know any spells.
Your spell library was empty.

Inventory:

Wands
 e - a wand of digging (3)
Scrolls
 a - a scroll of enchant weapon {unknown}
 b - a scroll of immolation {unknown}
Potions
 d - a potion of haste

Dungeon Overview and Level Annotations

Branches:
Dungeon (5/15)
 Temple: D:4-7

Altars:


Message History

b - a scroll labelled HALUKHLELOCK
Enter note:
Enter note:
Enter note: You now have 63 gold pieces (gained 15). 2 jackals come into view.
Found 14 gold pieces.
The jackal barks! x2; You hear a bark!
A jackal comes into view. x2
The jackal barks!
You hear a shout!
You scratch the jackal.
The jackal is severely wounded.
The jackal barely misses you.
237 ||| Stepping ~*~*~tactically~*~*~ (outnumbered).
The jackal attacks as you move away! The jackal closely misses you.
You miss the jackal. You claw the jackal, but do no damage.
The jackal is severely wounded.
The jackal completely misses you. The jackal closely misses you.
The jackal bites you.
239 ||| Stepping ~*~*~tactically~*~*~ (outnumbered).
The jackal attacks as you move away! The jackal closely misses you.
The jackal bites you.
You scratch the jackal but do no damage.
The jackal is severely wounded.
The jackal bites you.
You barely miss the jackal.
The jackal is severely wounded.
The jackal bites you. The jackal misses you.
An orc comes into view. It is wielding a +0 club.
The jackal completely misses you.
The orc shouts!
You scratch the jackal but do no damage.
The jackal is severely wounded.
The jackal bites you. x2; The jackal misses you.
The jackal barely misses you. The jackal misses you.
The jackal completely misses you.
You closely miss the jackal.
The jackal is severely wounded.
The jackal bites you.
You die...

...............#
#..............#
##............##
#............#
##..........##
#.........## ##.
.........## ....
###....h####.....
###..@hh.......
####h..$.....
###.......
....... ..o....
....... .......
##..... #####


You could see an orc and 4 jackals.

Vanquished Creatures
  A dart slug (D:4)
  A hobgoblin (D:4)
2 creatures vanquished.

Notes
Turn   | Place    | Note
-------+----------+-------------------------------------------
     0 | D:5      | qw the Felid Delver began the quest for the Orb.
     0 | D:5      | Reached XP level 1. HP: 10/10 MP: 2/2
     0 | D:5      | 0 ||| qw: Version: 0.1-a-89-g26bdef1
     0 | D:5      | 0 ||| qw: Game counter: 133
     0 | D:5      | 0 ||| qw: Always use a shield: true
     0 | D:5      | 0 ||| qw: God list: Okawaru, Trog
     0 | D:5      | 0 ||| qw: Allow faded altars: false
     0 | D:5      | 0 ||| qw: Do Orc after D:15 true
     0 | D:5      | 0 ||| qw: Do second Lair branch before Depths: true
     0 | D:5      | 0 ||| qw: Lair rune preference: random
     0 | D:5      | 0 ||| qw: Plans: Normal
     0 | D:5      | 0 ||| PLANNING D:1-11
     0 | D:5      | Identified the +1 leather armour of the Tormentor {Drain
                  | +Inv Int+2 Stlth+}
    24 | D:5      | 24 ||| DROPPING scroll of fog.
    25 | D:5      | 25 ||| DROPPING scroll of magic mapping.
    26 | D:5      | 26 ||| DROPPING scroll of fear.
   237 | D:4      | 237 ||| Stepping ~*~*~tactically~*~*~ (outnumbered).
   239 | D:4      | 239 ||| Stepping ~*~*~tactically~*~*~ (outnumbered).
   242 | D:4      | HP: 1/10 [jackal (2)]
   243 | D:4      | Slain by a jackal

Levels and vault maps discovered:
D:4:      layout_cave_pods, nemelex_diamond_rough_becter,
          overflow_temple_1_default, eat_drink_and_be_merry_uskayaw,
          mainiacjoe_overflow_catwalk_spiral, serial_shops, shop
D:5:      layout_loops_ring, kennysheep_windowed_goal

Action                   || total
-------------------------++-------
Melee: Unarmed           ||    12
       Punch             ||     1
       Bite              ||     1
 Stab: Sleeping          ||     1
Dodge: Dodged            ||    13

Table legend:
 A = Non-vault XP
 B = Vault XP
 C = Vault XP percentage of total XP
 D = Non-vault monster count
 E = Vault monster count
 F = Vault count percentage of total count
                 A         B        C        D         E       F
            +---------+---------+-------+---------+---------+-------
      Total |       6 |       0 |   0.0 |       2 |       0 |   0.0
            +---------+---------+-------+---------+---------+-------
        D:4 |       6 |       0 |   0.0 |       2 |       0 |   0.0
            +---------+---------+-------+---------+---------+-------
